 Dungeon Sprint DCSS version 0.31.0 (webtiles) character file.

Game seed: 13794400518515265758

5 Groucho the Trooper (level 1, -6/31 HPs)
             Began as a Naga Fighter on Jan 20, 2024.
             Shot with an arrow by a centaur (15 damage)
             ... in the Dungeon (Sprint IX: "|||||||||||||||||||||||||||||").
             The game lasted 00:00:38 (155 turns).

Groucho the Trooper (Naga Fighter)                   Turns: 155, Time: 00:00:38

Health: -6/31      AC:  4    Str: 18    XL:     1   Next: 80%
Magic:  2/2        EV:  7    Int:  8    God:
Gold:   0          SH:  4    Dex: 10    Spells: 0/0 levels left

rFire   . . .        k - +0 whip
rCold   . . .        c - +0 buckler
rNeg    . . .        b - +0 scale mail
rPois   +            (no helmet)
rElec   .            (no cloak)
rCorr   .            (no gloves)
SInv    +            (no barding)
Will    .....        (no amulet) Stlth
                     (no ring)
HPRegen 0.25/turn    (no ring)
MPRegen 0.08/turn

%: no teleportation
@: mighty, berserking, quick
A: AC +0, large, see invisible, deformed body, poison resistance, slowness 2,
spit poison 1, naga tail 1
a: Spit Poison


You were in the Dungeon.
You visited 1 branch

Inventory:

Hand Weapons
 a - a +0 war axe
 k - a +0 whip (weapon)
Armour
 b - a +0 scale mail (worn)
 c - a +0 buckler (worn)
Scrolls
 j - a scroll of blinking
Potions
 e - a potion of curing
 g - a potion of haste
 h - 2 potions of magic


   Skills:
 + Level 3.3 Fighting
 - Level 2.4 Axes
 + Level 0.0(1.3) Maces & Flails
 + Level 2.7 Armour
 + Level 3.0 Shields
 + Level 1.4 Invocations


You couldn't memorise any spells.
You didn't know any spells.
Your spell library was empty.

Dungeon Overview and Level Annotations

Branches:
Dungeon (1/1)

Altars:


Innate Abilities, Weirdness & Mutations

Your serpentine skin is tough. (AC +0)
You have supernaturally acute eyesight. (SInv)
Armour fits poorly on your strangely shaped body.
Your system is resistant to poisons. (rPois)
You cover ground very slowly.
You can spit poison.
You have a snake-like lower body.


Message History

There is an open door to the Dungeon here.
Things that are here:
a +0 whip; a quokka corpse
k - a +0 whip
k - a +0 whip (weapon)
Unknown command.
Unknown command.
You start resting.
Magic restored.
You start resting.
HP restored.
You start waiting.
Done waiting.
You open the door.
An iguana, a centaur, a howler monkey, a black bear and a gnoll come into view.
The howler monkey howls!
The black bear growls angrily.
You barely miss the iguana. The iguana bites you!
Ouch! That really hurt!
Unknown command.
You feel much better. The iguana bites you!
Ouch! That really hurt!
You feel very mighty all of a sudden. You block the iguana's attack.
A red film seems to cover your vision as you go berserk!
You feel yourself moving faster!
You feel mighty! The iguana bites you.
* * * LOW HITPOINT WARNING * * *
You hit the iguana but do no damage. The iguana closely misses you.
You are too injured to fight recklessly!
You are too injured to fight recklessly!
You are too injured to fight recklessly!
You are too injured to fight recklessly!
You are too injured to fight recklessly!
You whack the iguana!
The iguana is severely wounded.
The iguana barely misses you.
You whack the iguana!
You kill the iguana!
The centaur wields a +0 orcbow.
The centaur shoots an arrow.
The arrow hits you!
You die...

▓.▓
▓.▓
▓.▓
▓†▓
▓.▓
▓.▓
▓.▓
▓.▓
▓@▓
▓†▓
▓c▓
▓h▓
▓h▓
▓g▓
▓.▓
▓+▓


You could see a black bear, a centaur, a howler monkey and a gnoll.

Vanquished Creatures
  An iguana (D)
  An endoplasm (D)
  2 quokkas (D)
  A frilled lizard (D)
  A kobold (D)
6 creatures vanquished.

Notes
Turn   | Place    | Note
-------+----------+-------------------------------------------
     0 | D        | Groucho the Naga Fighter began the quest for the Orb.
     0 | D        | Reached XP level 1. HP: 21/21 MP: 1/1
    15 | D        | Reached skill level 1 in Invocations
   148 | D        | Noticed an iguana
   148 | D        | Noticed a centaur
   148 | D        | Noticed a howler monkey
   148 | D        | Noticed a black bear
   155 | D        | Killed an iguana
   155 | D        | Shot with an arrow by a centaur

Illustrated notes

Levels and vault maps discovered:
D:        linesprint [early_d, line_temple, items_1, d_10, items_2, lair_1,
          lair_end, items_3, orc_1, orc_end, items_4, d_15, swamp_1, shoals_1,
          snake_1, spider_1, d_20, vaults_1, items_5, swamp_end, shoals_end,
          snake_end, spider_end, vaults_end, d_27, items_6, zot_1, zot_end,
          crypt_end, forest_end, elf_end, slime_end, tomb_end, abyss_end,
          pan_hell_end]

Skill      XL: |  1 |
---------------+----+-----
Invocations    | 1 |  1.4
Shields        | 3 |  3.0
Fighting       | |  3.3
Axes           | |  2.4
Armour         | |  2.7

Action                     || total
---------------------------++-------
  Melee: War axe           ||    16
         Whip              ||     4
    Use: Potion            ||     3
 Armour: Scale mail        ||    15
  Dodge: Dodged            ||     4
  Block: Buckler           ||     5
